AoeStats
← KOSOVAR

Black Forest

510132640Analyzed
4v4 RM · 4d ago on Sep 29, 2026· 82m 19s· 8 players
Game mode
Random Map
Map size
Large (8 player)
Population
200
Speed
Normal
Resources
Standard
Victory
Conquest
Starting age
Dark Age
Ending age
Imperial Age
RankedLock teamsTeams togetherTeam positionsShared explorationLock speedFull tech treeHidden civsTurbo modeCheats
Victory
Defeat
🇨🇳 Khmer · China
708
+14
🇨🇳 Ethiopians · China
630
+17
🇨🇳 Wu · China
599
+19
🇨🇳 Slavs · China
590
+19
🇬🇧 Koreans · United Kingdom
724
-19
🇪🇸 Huns · Spain
700
-19
🇨🇴 Bohemians · Colombia
681
-18
🇬🇧 Malay · United Kingdom
546
-13
Fairless14
1:55 Loom
12:12 Feudal Age
12:32 Double-Bit Axe
17:13 Wheelbarrow
19:07 Horse Collar
19:22 Gold Mining
24:31 Castle Age
22:55 Fishing Lines
25:08 Caravan
27:44 Hand Cart
28:04 Heavy Plow
28:31 Bow Saw
29:49 Gold Shaft Mining
34:17 Imperial Age
34:56 Fletching
35:18 Forging
35:13 Scale Barding Armor
35:40 Elite Battle Elephant
37:03 Iron Casting
36:28 Bodkin Arrow
36:55 Husbandry
40:04 Crop Rotation
44:45 Blast Furnace
48:36 Elite Karambit Warrior
50:44 Bracer
50:59 Squires
50:45 Arson
KOSOVAR
7:21 Loom
11:14 Feudal Age
12:01 Double-Bit Axe
17:04 Scale Barding Armor
17:14 Forging
17:53 Horse Collar
20:41 Castle Age
19:40 Gold Mining
20:33 Stone Mining
21:55 Fletching
24:25 Bow Saw
24:20 Heavy Plow
26:17 Wheelbarrow
28:46 Hand Cart
29:39 Fishing Lines
34:03 Imperial Age
32:46 Iron Casting
32:31 Chain Barding Armor
32:55 Bloodlines
32:46 Husbandry
33:28 Caravan
33:33 Gillnets
35:17 Gold Shaft Mining
35:27 Conscription
35:13 Marauders
35:33 Atheism
36:06 Plate Barding Armor
36:32 Blast Furnace
36:39 Elite Tarkan
43:42 Two-Man Saw
45:14 Chemistry
50:31 Ballistics
55:45 Murder Holes
61:24 Light Cavalry
62:42 Hussar
Juanes22
0:43 Loom
12:38 Feudal Age
22:13 Castle Age
20:23 Horse Collar
34:12 Heavy Plow
34:04 Double-Bit Axe
35:46 Wheelbarrow
36:19 Ballistics
37:05 Chemistry
37:52 Bow Saw
38:40 Hand Cart
41:49 Imperial Age
39:21 Pikeman
40:02 Squires
39:48 Arson
40:10 Scale Mail Armor
40:50 Forging
41:04 Wagenburg Tactics
41:19 Caravan
41:49 Coinage
42:38 Chain Mail Armor
42:59 Iron Casting
42:47 Siege Engineers
42:55 Fortified Wall
42:34 Halberdier
45:09 Plate Mail Armor
45:39 Blast Furnace
44:42 Elite Skirmisher
45:18 Houfnice
46:58 Banking
46:38 Guilds
46:36 Padded Archer Armor
46:27 Fletching
49:06 Leather Archer Armor
48:46 Bodkin Arrow
48:19 Crossbowman
50:06 Conscription
49:08 Elite Hussite Wagon
49:54 Hussite Reforms
49:13 Man-at-Arms
51:44 Two-Man Saw
50:54 Arbalester
52:28 Ring Archer Armor
51:58 Bracer
52:05 Scale Barding Armor
55:39 Long Swordsman
59:49 Two-Handed Swordsman
60:47 Champion
Monkey
0:33 Loom
12:30 Feudal Age
13:19 Double-Bit Axe
14:59 Wheelbarrow
15:46 Horse Collar
16:01 Gold Mining
16:02 Stone Mining
16:08 Stone Mining
22:36 Castle Age
21:06 Fletching
24:25 Hand Cart
24:30 Bow Saw
25:08 Gold Shaft Mining
28:37 Fortified Wall
28:49 Ballistics
29:50 Eupseong
30:08 Caravan
31:29 Heavy Plow
33:09 Fervor
35:23 Masonry
39:35 Imperial Age
39:22 Scale Barding Armor
39:29 Forging
39:18 Bodkin Arrow
40:36 Stone Shaft Mining
41:20 Chemistry
40:51 Architecture
41:28 Shinkichon
40:36 Elite War Wagon
42:28 Two-Man Saw
43:48 Murder Holes
43:40 Arrowslits
43:28 Elite Fire Lancer
46:29 Chain Barding Armor
46:10 Bracer
46:45 Iron Casting
46:12 Scale Mail Armor
46:59 Treadmill Crane
56:35 Chain Mail Armor
56:32 Siege Engineers
58:23 Pikeman
59:04 Squires
58:54 Arson
63:50 Halberdier
Jiashu
4:54 Loom
12:37 Feudal Age
13:29 Double-Bit Axe
17:07 Wheelbarrow
18:45 Castle Age
17:46 Horse Collar
22:08 Bow Saw
22:03 Heavy Plow
32:55 Hand Cart
32:57 Caravan
39:15 Imperial Age
36:32 Town Watch
37:03 Gold Mining
38:04 Fletching
38:14 Padded Archer Armor
38:25 Forging
38:15 Scale Mail Armor
38:21 Scale Barding Armor
37:59 Treadmill Crane
38:40 Ballistics
38:31 Masonry
39:11 Gold Shaft Mining
42:02 Fishing Lines
42:24 Town Patrol
42:41 Leather Archer Armor
42:21 Bodkin Arrow
43:02 Iron Casting
42:42 Chain Mail Armor
42:47 Chain Barding Armor
42:50 Conscription
42:30 Red Cliffs Tactics
41:51 Elite Fire Archer
43:33 Chemistry
42:19 Pikeman
42:59 Squires
42:45 Arson
43:46 Halberdier
47:24 Plate Mail Armor
47:55 Blast Furnace
46:57 Bracer
47:30 Architecture
46:51 Guard Tower
46:57 Murder Holes
47:15 Clinker Construction
50:40 Plate Barding Armor
50:43 Keep
50:14 Husbandry
49:34 Heavy Hei Guang Cavalry
49:35 Light Cavalry
50:26 Bloodlines
50:54 Sitting Tiger
52:13 Hussar
Anna-D
5:47 Loom
13:24 Feudal Age
15:37 Horse Collar
16:32 Double-Bit Axe
17:00 Gold Mining
20:51 Castle Age
23:41 Husbandry
23:53 Bloodlines
24:27 Gold Shaft Mining
25:39 Wheelbarrow
24:53 Town Watch
25:18 Heavy Plow
25:32 Bow Saw
25:49 Stone Mining
28:39 Hand Cart
28:42 Scale Barding Armor
28:39 Padded Archer Armor
28:40 Scale Mail Armor
28:51 Forging
28:32 Fletching
30:06 Stone Shaft Mining
33:51 Imperial Age
34:36 Iron Casting
33:58 Bodkin Arrow
34:19 Leather Archer Armor
34:20 Chain Mail Armor
35:54 Ballistics
38:52 Elite Ballista Elephant
39:35 Double Crossbow
39:38 Tusk Swords
41:17 Blast Furnace
40:19 Bracer
40:50 Ring Archer Armor
40:41 Chain Barding Armor
41:25 Chemistry
40:48 Masonry
43:01 Conscription
43:20 Hoardings
46:31 Town Patrol
Saferlor
11:50 Feudal Age
12:18 Horse Collar
12:26 Double-Bit Axe
20:46 Castle Age
20:53 Stone Mining
22:30 Stone Shaft Mining
25:24 Gold Mining
32:31 Gold Shaft Mining
32:21 Heavy Plow
33:18 Caravan
33:37 Bow Saw
37:44 Imperial Age
37:11 Fortified Wall
37:12 Masonry
37:23 Ballistics
38:21 Town Watch
39:12 Wheelbarrow
38:23 Loom
38:59 Torsion Engines
39:22 Conscription
38:36 Heavy Scorpion
39:36 Onager
41:49 Squires
42:11 Fletching
43:59 Town Patrol
44:14 Hand Cart
46:32 Halberdier
49:18 Chemistry
49:59 Heavy Camel Rider
50:42 Husbandry
57:47 Scale Barding Armor
57:42 Scale Mail Armor
57:53 Forging
74:27 Chain Barding Armor
74:43 Iron Casting
我很好奇
0:39 Loom
13:27 Feudal Age
17:45 Castle Age
16:23 Double-Bit Axe
19:50 Bow Saw
26:30 Wheelbarrow
33:29 Imperial Age
31:20 Hand Cart
34:13 Caravan
39:29 Chemistry
38:50 Ballistics
39:01 Forging
40:26 Iron Casting
39:57 Scale Barding Armor
39:39 Town Watch
40:52 Scale Mail Armor
44:15 Blast Furnace
43:30 Chain Mail Armor
43:36 Chain Barding Armor
44:28 Conscription
44:10 Detinets
43:33 Elite Boyar
44:15 Druzhina
44:15 Onager
44:16 Heavy Scorpion
44:51 Man-at-Arms
46:43 Plate Mail Armor
46:31 Siege Onager
47:34 Husbandry
48:13 Squires
47:34 Pikeman
48:35 Bloodlines
48:13 Long Swordsman
49:45 Masonry
49:46 Light Cavalry
49:49 Two-Handed Swordsman
50:10 Cavalier
50:29 Hussar
51:27 Champion
53:49 Halberdier
74:51 Plate Barding Armor
Connection lost

Rejoining the realm…

Still unreachable

The connection could not be restored.

Session expired

The server has moved on; the page needs a fresh start.